[Event "Titled Tuesday Blitz December 20 Early 2022"]
[White "vovachesss"]
[Black "Ivan11Martic"]
[WhiteElo "2756"]
[BlackElo "2528"]
[Result "1-0"]
[Round "07"]
[TimeControl "180+2"]
[Date "2022.12.20"]
[WhiteClock "0:00:10"]
[BlackClock "0:00:29"]

1. e4 e5 2. Nf3 Nc6 3. Nc3 g6 4. d4 exd4 5. Nd5 Bg7 6. Bg5 Nce7 7. Nxd4 c6 8. Nxe7 Nxe7 9. c3 O-O 10. Be2 h6 11. Bh4 g5 12. Bg3 d5 13. exd5 Nxd5 14. O-O f5 15. h3 f4 16. Bh2 Kh8 17. Bf3 Bd7 18. Re1 Qf6 19. Qb3 Qf7 20. Rad1 Rab8 21. Bg4 Bxg4 22. hxg4 Rfe8 23. Nf5 Bf8 24. g3 Rxe1+ 25. Rxe1 Re8 26. Qd1 Bc5 27. gxf4 gxf4 28. Rxe8+ Qxe8 29. c4 Nb4 30. Bxf4 Qg8 31. a3 Nd3 32. Qxd3 Qxg4+ 33. Bg3 h5 34. Qd8+ Kh7 35. Qd7+ Kh8 36. Qe8+ Kh7 37. Qf7+ Kh8 38. Qf6+ Kh7 39. Qh6+ Kg8 40. Qe6+ Kh7 41. Kg2 h4 42. Qf7+ Kh8 43. Nxh4 Qe4+ 44. Kh2 Qc2 45. Ng6+ 1-0


[Site "https://www.chess.com"]

[Event "Titled Tuesday Blitz December 20 Early 2022"]
[White "Al-Kailani, Zaid"]
[Black "ProfessorChess101"]
[WhiteFideId "8100187"]
[WhiteElo "2053"]
[BlackElo "2662"]
[Result "1-0"]
[Round "08"]
[TimeControl "180+2"]
[Date "2022.12.20"]
[WhiteClock "0:00:19"]
[BlackClock "0:00:07"]

1. e4 e5 2. Nf3 Nc6 3. Bc4 Nf6 4. d3 Be7 5. O-O O-O 6. Re1 d6 7. a4 Kh8 8. Nc3 Bg4 9. h3 Bh5 10. Be3 Nd4 11. Bxd4 exd4 12. Nd5 Nxd5 13. Bxd5 c6 14. Bb3 f5 15. exf5 d5 16. g4 Bf7 17. Nxd4 Bf6 18. c3 Bxd4 19. cxd4 Qb6 20. Qc2 Qxd4 21. Qc3 Qf4 22. Re7 h5 23. Qc1 Qf3 24. Re3 Qf4 25. Rg3 Qb4 26. f6 h4 27. fxg7+ Kxg7 28. Qg5+ Bg6 29. Re3 Qxb3 30. Rae1 Qxb2 31. Re7+ Rf7 32. Rxf7+ Kxf7 33. Re7+ Kf8 34. Rc7 Bf7 35. Qe7+ Kg7 36. Qxf7+ Kh6 37. Qh5# 1-0


[Site "https://www.chess.com"]

[Event "Titled Tuesday Blitz December 20 Early 2022"]
[White "Aleksandar-Topalov"]
[Black "Coachpoker"]
[WhiteElo "2401"]
[BlackElo "2626"]
[Result "0-1"]
[Round "08"]
[TimeControl "180+2"]
[Date "2022.12.20"]
[WhiteClock "0:01:24"]
[BlackClock "0:01:33"]

1. b3 b6 2. Bb2 Bb7 3. Nf3 Nf6 4. g3 g6 5. Bg2 Bg7 6. O-O O-O 7. d3 c5 8. e4 Nc6 9. Nbd2 d6 10. Re1 Qc7 11. a4 a6 12. Nc4 b5 13. axb5 axb5 14. e5 dxe5 15. Ncxe5 e6 16. Nxc6 Bxc6 17. Qd2 Ne4 18. dxe4 Bxb2 19. Rxa8 Rxa8 20. c3 Ba1 21. Rc1 Bxe4 22. Qe1 Qb7 23. Rxa1 Rxa1 24. Qxa1 Bxf3 25. Bxf3 Qxf3 26. Qa5 Qd1+ 27. Kg2 Qxb3 28. h4 h5 0-1


[Site "https://www.chess.com"]

[Event "Titled Tuesday Blitz December 20 Early 2022"]
[White "Alexei_Gubajdullin"]
[Black "Pietrek, Gerhard"]
[BlackFideId "24631698"]
[WhiteElo "2625"]
[BlackElo "1596"]
[Result "1-0"]
[Round "08"]
[TimeControl "180+2"]
[Date "2022.12.20"]
[WhiteClock "0:00:11"]
[BlackClock "0:00:05"]

1. Nf3 Nf6 2. c4 g6 3. g3 Bg7 4. Bg2 O-O 5. O-O d6 6. Nc3 Nc6 7. Rb1 a5 8. a3 e5 9. b4 axb4 10. axb4 Re8 11. b5 Nd4 12. d3 Bg4 13. Nxd4 exd4 14. Ne4 Nxe4 15. Bxe4 Ra2 16. Rb2 Rxb2 17. Bxb2 c6 18. bxc6 bxc6 19. Bxc6 Bxe2 20. Qa4 Bxf1 21. Bxe8 Bxd3 22. Bc6 Qe7 23. Qa8+ Bf8 24. Kg2 Qe1 25. Bxd4 Bf1+ 26. Kf3 Be2+ 27. Kf4 Qc1+ 28. Be3 Qxc4+ 29. Be4 Qe6 30. Bd4 Bc4 31. g4 d5 32. Bf3 g5+ 33. Kg3 Qd6+ 34. Kg2 Qf4 35. Qa7 Bd3 36. h3 Be4 37. Bxe4 Qxe4+ 38. Kg1 Qe6 39. Qb8 h6 40. Bc5 Qe1+ 41. Kh2 Kh7 42. Qxf8 Qe5+ 43. Kg2 Qe4+ 44. f3 Qc2+ 45. Bf2 Qg6 46. Qd8 Qe6 47. Qb8 h5 48. gxh5 f5 49. Qc7+ Kh6 50. Qb7 g4 51. hxg4 fxg4 52. Qb3 gxf3+ 53. Qxf3 Qe5 54. Be3+ Kg7 55. Qg4+ Kf7 56. Qf4+ Ke6 57. Qxe5+ Kxe5 58. h6 d4 59. Bxd4+ Kf5 60. h7 1-0


[Site "https://www.chess.com"]

[Event "Titled Tuesday Blitz December 20 Early 2022"]
[White "AnaKuchava"]
[Black "Chernov_Mikhail"]
[WhiteElo "2212"]
[BlackElo "2398"]
[Result "1-0"]
[Round "08"]
[TimeControl "180+2"]
[Date "2022.12.20"]
[WhiteClock "0:00:11"]
[BlackClock "0:00:17"]

1. d4 d5 2. Nf3 Nc6 3. c4 Bg4 4. Nc3 e6 5. Bf4 Bb4 6. e3 Nf6 7. Bd3 dxc4 8. Bxc4 Nd5 9. O-O Nxf4 10. exf4 Bxf3 11. Qxf3 Qxd4 12. Bb5 Qb6 13. Bxc6+ Qxc6 14. Qxc6+ bxc6 15. Rac1 Kd7 16. Rfd1+ Bd6 17. Ne4 Rab8 18. b3 Rb4 19. Nc5+ Ke7 20. g3 Rb5 21. Ne4 Rd5 22. Kf1 Kd7 23. Ke2 Rb8 24. Rc4 Rxd1 25. Kxd1 f5 26. Ng5 h6 27. Nf3 Rb5 28. Nd4 Rd5 29. Ke2 Bc5 30. Nf3 Bd6 31. Nd4 g5 32. fxg5 hxg5 33. Nxc6 Bc5 34. Nb8+ Kd6 35. Na6 Bb6 36. Nb4 Re5+ 37. Kf1 Rc5 38. Rxc5 Kxc5 39. Nd3+ Kd4 40. Ke2 c5 41. h4 gxh4 42. gxh4 c4 43. bxc4 Kxc4 44. Nf4 e5 45. Ng6 e4 46. h5 Bd4 47. h6 f4 48. h7 f3+ 49. Kf1 Kb4 50. h8=Q Bxh8 51. Nxh8 Ka3 52. Nf7 Kxa2 53. Ng5 a5 54. Nxe4 a4 55. Nc3+ Kb3 56. Nxa4 Kxa4 57. Ke1 Kb4 58. Kd2 Kc4 59. Ke3 Kd5 60. Kxf3 Ke5 61. Kg4 Kf6 62. Kf4 Kg6 63. Ke5 Kf7 64. Kf5 Ke7 65. Kg6 Kf8 66. f4 Kg8 67. f5 Kf8 68. Kf6 Ke8 69. Kg7 Ke7 70. f6+ Ke6 71. f7 Kd5 72. f8=Q Kc4 73. Qd6 Kb3 74. Qc5 Ka2 75. Qb4 Ka1 76. Kf6 1-0


[Site "https://www.chess.com"]

[Event "Titled Tuesday Blitz December 20 Early 2022"]
[White "Anata, Choudhury"]
[Black "APOKALIPSA13"]
[WhiteFideId "10215026"]
[WhiteElo "2172"]
[BlackElo "2220"]
[Result "0-1"]
[Round "08"]
[TimeControl "180+2"]
[Date "2022.12.20"]
[WhiteClock "0:00:05"]
[BlackClock "0:00:13"]

1. d4 e5 2. dxe5 Nc6 3. Nf3 Qe7 4. Bf4 Qb4+ 5. Bd2 Qxb2 6. Nc3 Bb4 7. Rb1 Qxc3 8. Bxc3 Bxc3+ 9. Nd2 Bxe5 10. e4 Nf6 11. Bd3 O-O 12. O-O a6 13. h3 d6 14. f4 Bd4+ 15. Kh2 Rb8 16. Nf3 Be3 17. g3 Re8 18. Re1 Ba7 19. e5 dxe5 20. fxe5 Nd7 21. e6 fxe6 22. Ng5 h6 23. Nxe6 Nde5 24. Nxc7 Rf8 25. Rf1 Bf2 26. Nd5 Be6 27. Nf4 Nxd3 28. cxd3 Rxf4 29. gxf4 Bd4 30. Qf3 Bxa2 31. Rbe1 Bf7 32. Re4 Bf6 33. Rb1 Ne7 34. Reb4 b5 35. Qf2 Nd5 36. Qa7 Rd8 37. Qxa6 Nxb4 38. Rxb4 Rxd3 39. Qxb5 Rd2+ 40. Kg3 Kh7 41. Qe5 Bxe5 42. fxe5 Rd3+ 43. Kf4 Be6 0-1


[Site "https://www.chess.com"]

[Event "Titled Tuesday Blitz December 20 Early 2022"]
[White "Aradhya, Garg"]
[Black "Alphafischer2019"]
[WhiteFideId "25006746"]
[WhiteElo "2284"]
[BlackElo "2543"]
[Result "1-0"]
[Round "08"]
[TimeControl "180+2"]
[Date "2022.12.20"]
[WhiteClock "0:00:33"]
[BlackClock "0:00:01"]

1. d4 Nf6 2. c4 b6 3. f3 Nc6 4. e4 e5 5. dxe5 Nxe5 6. Nc3 Bc5 7. Na4 Bb4+ 8. Bd2 Bxd2+ 9. Qxd2 O-O 10. Nc3 Ng6 11. O-O-O d6 12. h4 Nh5 13. Nge2 Ne5 14. Qg5 Nf6 15. Ng3 h6 16. Qe3 Be6 17. f4 Nfg4 18. Qe1 Nc6 19. e5 Re8 20. Nge4 Bf5 21. Ng3 Bd7 22. Be2 Qc8 23. Bf3 dxe5 24. f5 Nf6 25. Nd5 Nxd5 26. Bxd5 Rb8 27. f6 g6 28. Qe4 Kf8 29. Bxc6 Bxc6 30. Qxc6 Re6 31. Qf3 Qe8 32. Kb1 Qa4 33. b3 Qc6 34. Rhf1 e4 35. Qf4 Kg8 36. Qxh6 Rxf6 37. Nh5 g5 38. Qg7# 1-0


[Site "https://www.chess.com"]

[Event "Titled Tuesday Blitz December 20 Early 2022"]
[White "Arnaldofdelavaramulet"]
[Black "Devallee, Jeremie"]
[BlackFideId "665240"]
[WhiteElo "2648"]
[BlackElo "2204"]
[Result "1-0"]
[Round "08"]
[TimeControl "180+2"]
[Date "2022.12.20"]
[WhiteClock "0:00:07"]
[BlackClock "0:00:27"]

1. Nf3 Nf6 2. g3 g6 3. b3 Bg7 4. Bb2 O-O 5. Bg2 d5 6. c4 c6 7. O-O Bg4 8. Nc3 Bxf3 9. Bxf3 d4 10. Na4 e5 11. e3 e4 12. Bg2 d3 13. f3 exf3 14. Qxf3 Nbd7 15. Nc5 Nxc5 16. Bxf6 Bxf6 17. Qxf6 Qxf6 18. Rxf6 a5 19. Raf1 Kg7 20. h4 Rad8 21. h5 Na6 22. h6+ Kxh6 23. Rxf7 Rxf7 24. Rxf7 Nc5 25. Kf2 Rd7 26. Rf8 Kg7 27. Ra8 Na6 28. Bxc6 Rf7+ 29. Bf3 Nc5 30. Kg2 b6 31. Rb8 Rf6 32. g4 Ne6 33. Kg3 Ng5 34. Bg2 h5 35. Rd8 hxg4 36. Rxd3 Nf7 37. Rd7 Kh6 38. d4 Ng5 39. Kxg4 Re6 40. Kf4 Rf6+ 41. Kg3 Re6 42. Kf2 Rf6+ 43. Ke2 Re6 44. d5 Re5 45. Rd6 Nf7 46. Rxb6 Re7 47. Kd3 Rd7 48. Kd4 Nd6 49. Be4 Kg7 50. Bxg6 Kxg6 51. c5 Kf6 52. Rxd6+ Ke7 53. Rxd7+ Kxd7 54. e4 1-0


[Site "https://www.chess.com"]

[Event "Titled Tuesday Blitz December 20 Early 2022"]
[White "Arora, Tashika"]
[Black "BENO_CHESS"]
[WhiteFideId "459305"]
[WhiteElo "1896"]
[BlackElo "2706"]
[Result "1-0"]
[Round "08"]
[TimeControl "180+2"]
[Date "2022.12.20"]
[WhiteClock "0:00:10"]
[BlackClock "0:00:13"]

1. c4 Nf6 2. Nc3 e5 3. Nf3 Nc6 4. e4 Bc5 5. Nxe5 Nxe5 6. d4 Bb4 7. dxe5 Nxe4 8. Qf3 Nxc3 9. bxc3 Be7 10. Qg3 Kf8 11. Be2 d6 12. Bf4 dxe5 13. Bxe5 Bf6 14. Rd1 Qe7 15. Bxc7 Bh4 16. Qd6 Qxd6 17. Bxd6+ Be7 18. c5 Be6 19. Bf3 Bxd6 20. cxd6 Rc8 21. Bxb7 Rxc3 22. O-O g6 23. Rc1 Rd3 24. Rfd1 Rxd1+ 25. Rxd1 Kg7 26. a3 Rd8 27. f4 Kf6 28. Kf2 Bg4 29. Rd4 Ke6 30. Bd5+ Kxd6 31. Bf3+ Ke7 32. Rxd8 Bxf3 33. Rh8 Bc6 34. Rxh7 a5 35. Rh8 a4 36. Rb8 Bd5 37. Rb4 Bb3 38. Ke3 Kd6 39. Kd4 Bd1 40. Kc3 Kc6 41. Rc4+ Kb5 42. Rd4 Bg4 43. h3 Be6 44. Rb4+ Ka5 45. Kd4 Bb3 46. Ke5 Bc2 47. g4 Bd3 48. f5 gxf5 49. gxf5 Bf1 50. h4 Be2 51. Kf6 Bh5 52. Kg5 Bd1 53. h5 f6+ 54. Kxf6 Bxh5 55. Ke7 Bd1 56. f6 Bb3 57. f7 Bxf7 58. Kxf7 Ka6 59. Rxa4+ Kb5 60. Rb4+ Ka5 61. Ke6 Ka6 62. Kd6 Ka5 63. Kc5 Ka6 64. a4 Ka5 65. Rb1 Kxa4 66. Rb8 Ka3 67. Kc4 Ka4 68. Ra8# 1-0


[Site "https://www.chess.com"]

[Event "Titled Tuesday Blitz December 20 Early 2022"]
[White "Artels, Lieven"]
[Black "Rapy, Francois"]
[WhiteFideId "205834"]
[BlackFideId "26041324"]
[WhiteElo "1984"]
[BlackElo "1642"]
[Result "0-1"]
[Round "08"]
[TimeControl "180+2"]
[Date "2022.12.20"]
[WhiteClock "0:01:20"]
[BlackClock "0:00:40"]

1. b4 Nf6 2. Bb2 e6 3. a3 a5 4. b5 d5 5. e3 Be7 6. c4 O-O 7. d4 c6 8. Nf3 cxb5 9. cxb5 Nbd7 10. Bd3 Ne4 11. O-O f5 12. Ne5 Nxe5 13. dxe5 Nc5 14. Bc2 Bd7 15. Qe2 f4 16. Bc1 f3 17. gxf3 Kh8 18. f4 g5 19. a4 Qe8 20. Qg4 gxf4 21. exf4 Rg8 22. Qxg8+ Qxg8+ 23. Kh1 Qf7 24. Rg1 Qh5 25. Bb2 Qf3+ 26. Rg2 Rg8 0-1


[Site "https://www.chess.com"]

[Event "Titled Tuesday Blitz December 20 Early 2022"]
[White "AttractiveChess"]
[Black "viditchess"]
[WhiteElo "2784"]
[BlackElo "2986"]
[Result "1-0"]
[Round "08"]
[TimeControl "180+2"]
[Date "2022.12.20"]
[WhiteClock "0:00:10"]
[BlackClock "0:00:04"]

1. Nf3 Nf6 2. c4 g6 3. g3 Bg7 4. Bg2 O-O 5. O-O d6 6. d4 Nc6 7. Nc3 Bf5 8. Be3 Ne4 9. Nxe4 Bxe4 10. d5 Bxf3 11. exf3 Ne5 12. b3 c5 13. Rc1 a6 14. f4 Nd7 15. Qd3 b5 16. h4 Nf6 17. f5 Qa5 18. Rc2 bxc4 19. bxc4 Rab8 20. fxg6 hxg6 21. Bh3 Rb7 22. Bd2 Qa4 23. Re1 Rfb8 24. Bc3 Rb1 25. Rxb1 Rxb1+ 26. Kg2 Kf8 27. Re2 Qd1 28. Qxd1 Rxd1 29. Rb2 Ne8 30. Bxg7+ Kxg7 31. Bc8 a5 32. Rb7 Re1 33. Ra7 Re4 34. Ba6 Nf6 35. Bb5 Re2 36. Rxa5 Rc2 37. Ra7 Ng4 38. Rxe7 Rxf2+ 39. Kh3 Ne5 40. a4 Kh6 41. g4 g5 42. a5 Rf3+ 43. Kg2 gxh4 44. Rxe5 Rg3+ 45. Kh2 dxe5 46. d6 Rxg4 47. a6 e4 48. a7 Rg8 49. Bc6 e3 50. Bf3 Kg5 51. d7 e2 52. Bxe2 Kf6 53. Bf3 Ke7 54. a8=Q Rxa8 55. Bxa8 Kxd7 56. Bd5 f5 57. Kh3 Kd6 58. Kxh4 Ke5 59. Kg3 1-0


[Site "https://www.chess.com"]

[Event "Titled Tuesday Blitz December 20 Early 2022"]
[White "Aza, Saulo"]
[Black "Mone, Ved"]
[WhiteFideId "4410394"]
[BlackFideId "25666290"]
[WhiteElo "1667"]
[BlackElo "1254"]
[Result "1/2-1/2"]
[Round "08"]
[TimeControl "180+2"]
[Date "2022.12.20"]
[WhiteClock "0:00:01"]
[BlackClock "0:00:08"]

1. d4 Nf6 2. c4 e6 3. Nc3 Bb4 4. a3 Bxc3+ 5. bxc3 c5 6. e3 Nc6 7. Bd3 d6 8. Ne2 O-O 9. f3 b6 10. O-O Ba6 11. Ng3 Na5 12. Qe2 Qc7 13. e4 cxd4 14. cxd4 Bxc4 15. Bg5 Nd7 16. Rac1 b5 17. Qe3 Qb6 18. Kh1 Nb3 19. Rcd1 Rac8 20. Nh5 Qxd4 21. Qe2 Bxd3 22. Rxd3 Qc4 23. Be7 Ne5 24. Bxf8 Qxd3 25. Qxd3 Nxd3 26. Bxg7 Rc5 27. g4 Rxh5 28. gxh5 Kxg7 29. Rg1+ Kh6 30. Rg8 Kxh5 31. Rg7 Ne5 32. f4 Kh6 33. Rg3 Nc5 34. fxe5 Nxe4 35. exd6 Nxd6 36. Rd3 Nc4 37. Rd7 Nxa3 38. Rxa7 b4 39. Rxf7 Kg6 40. Rb7 Nc2 41. Kg2 e5 42. Kf3 b3 43. Ke4 Nd4 44. Kxe5 Nf3+ 45. Kf4 Nxh2 46. Rxb3 h5 47. Rb6+ Kf7 48. Kf5 Ng4 49. Rb7+ Kf8 50. Kg5 Ne5 51. Kxh5 Ke8 52. Kg5 Kd8 53. Kf5 Nd7 54. Ra7 Ke7 55. Ra6 Kf7 56. Rd6 Ke7 57. Rc6 Kf7 58. Rc7 Ke7 59. Ra7 Kd6 60. Ke4 Nb6 61. Kd4 Kc6 62. Rh7 Nc8 63. Rg7 Nd6 64. Rg6 Kd7 65. Kd5 Nf5 66. Rf6 Ne7+ 67. Ke5 Nc6+ 68. Kd5 Ne7+ 69. Kc5 Ke8 70. Kd6 Ng8 71. Rf5 Nh6 72. Rf4 Nf7+ 73. Ke6 Nd8+ 74. Kf6 Kd7 75. Rd4+ Kc7 76. Ke5 Nc6+ 77. Kd5 Nxd4 1/2-1/2


[Site "https://www.chess.com"]

[Event "Titled Tuesday Blitz December 20 Early 2022"]
[White "Azoulas, Mark"]
[Black "Moh, Teng Keong Deon"]
[WhiteFideId "2033208"]
[BlackFideId "5700868"]
[WhiteElo "2326"]
[BlackElo "2215"]
[Result "0-1"]
[Round "08"]
[TimeControl "180+2"]
[Date "2022.12.20"]
[WhiteClock "0:00:18"]
[BlackClock "0:00:22"]

1. e4 c6 2. Nc3 d5 3. Qe2 d4 4. Nd1 e5 5. d3 c5 6. f4 Nc6 7. Nf3 Bg4 8. g3 exf4 9. gxf4 Be7 10. Bg2 Bh4+ 11. Nf2 Nge7 12. O-O Bh5 13. f5 Ne5 14. Bf4 N7c6 15. Bg3 Bxg3 16. hxg3 Bxf3 17. Bxf3 Qg5 18. Kg2 Qe3 19. Qxe3 dxe3 20. Nd1 Nd4 21. Nxe3 Ndxf3 22. Rxf3 Nxf3 23. Kxf3 f6 24. Nd5 O-O-O 25. b3 Rhe8 26. Nf4 Rd6 27. Rh1 h6 28. Ne6 Rdxe6 29. fxe6 Rxe6 30. Rh5 Re5 31. Rh4 Kd7 32. c3 f5 33. d4 cxd4 34. cxd4 Rxe4 35. Rxe4 fxe4+ 36. Kxe4 Ke6 37. d5+ Kf6 38. a4 h5 39. d6 g5 40. d7 Ke7 41. Kf5 h4 42. gxh4 gxh4 43. Kg4 Kxd7 44. Kxh4 Kd6 45. Kg4 Kc5 46. Kf4 Kb4 47. Ke4 Kxb3 48. a5 a6 49. Kd5 Kb4 50. Kd4 Kxa5 51. Kc3 b5 52. Kb3 b4 53. Kb2 Kb5 54. Kb3 Kc5 55. Ka2 Kc4 56. Kb2 b3 57. Ka1 Kb4 58. Kb2 Ka4 59. Kb1 Ka3 60. Kc1 Ka2 0-1


[Site "https://www.chess.com"]

[Event "Titled Tuesday Blitz December 20 Early 2022"]
[White "Badlyplayed"]
[Black "Harkness, Bryan"]
[BlackFideId "444227"]
[WhiteElo "2262"]
[BlackElo "1935"]
[Result "1-0"]
[Round "08"]
[TimeControl "180+2"]
[Date "2022.12.20"]
[WhiteClock "0:00:19"]
[BlackClock "0:00:01"]

1. e4 c5 2. d4 cxd4 3. c3 d5 4. exd5 Qxd5 5. cxd4 e6 6. Nf3 Nf6 7. Nc3 Qd8 8. Bd3 Be7 9. O-O O-O 10. Qe2 b6 11. Be4 Ba6 12. Qc2 Nxe4 13. Qxe4 Nd7 14. Rd1 Nf6 15. Qh4 Nd5 16. Qg3 Re8 17. Bh6 Bf8 18. Ne4 f5 19. Nc3 Rc8 20. Ne5 Nxc3 21. bxc3 Qf6 22. Bg5 Be7 23. Bxf6 Bxf6 24. Nd7 Be7 25. Ne5 Bf6 26. Rac1 Red8 27. Nf3 Bb7 28. h4 h6 29. Ne5 Bd5 30. c4 Be4 31. f3 Bb7 32. Qg6 Rc7 33. Qg3 1-0


[Site "https://www.chess.com"]

[Event "Titled Tuesday Blitz December 20 Early 2022"]
[White "BahadirOzen"]
[Black "FaustinoOro"]
[WhiteElo "2853"]
[BlackElo "2633"]
[Result "1-0"]
[Round "08"]
[TimeControl "180+2"]
[Date "2022.12.20"]
[WhiteClock "0:02:28"]
[BlackClock "0:01:02"]

1. g3 e5 2. Bg2 d5 3. d3 Nf6 4. Nf3 Bd6 5. O-O O-O 6. Nbd2 c5 7. e4 d4 8. Nc4 Nc6 9. Nxd6 Qxd6 10. Nh4 b5 11. a4 b4 12. b3 a5 13. f4 Ne7 14. Qe1 Rb8 15. fxe5 Qxe5 16. Bf4 Qh5 17. Bxb8 1-0


[Site "https://www.chess.com"]

[Event "Titled Tuesday Blitz December 20 Early 2022"]
[White "Balasch Peries, Eduard"]
[Black "Roshka, Yevgeniy"]
[WhiteFideId "32067372"]
[BlackFideId "14129558"]
[WhiteElo "1671"]
[BlackElo "2429"]
[Result "1-0"]
[Round "08"]
[TimeControl "180+2"]
[Date "2022.12.20"]
[WhiteClock "0:02:01"]
[BlackClock "0:00:09"]

1. e4 e5 2. Nf3 Nc6 3. Bb5 a6 4. Ba4 Nf6 5. O-O Be7 6. Re1 b5 7. Bb3 d6 8. h3 O-O 9. c3 Bb7 10. d4 Re8 11. Nbd2 Bf8 12. Nf1 exd4 13. Ng5 d5 14. cxd4 Nxe4 15. Rxe4 Rxe4 16. Qh5 h6 17. Qxf7+ Kh8 18. Bxd5 Be7 19. Nxe4 Ne5 20. dxe5 Bxd5 21. Qf4 Qd7 22. Nc3 Bb7 23. Be3 Rf8 24. Qg3 Qe6 25. Ne2 c5 26. Nf4 1-0


[Site "https://www.chess.com"]

[Event "Titled Tuesday Blitz December 20 Early 2022"]
[White "Ball, John D L"]
[Black "Abd El Fatah, Reda Fadel"]
[WhiteFideId "402150"]
[BlackFideId "10600752"]
[WhiteElo "2230"]
[BlackElo "2134"]
[Result "1-0"]
[Round "08"]
[TimeControl "180+2"]
[Date "2022.12.20"]
[WhiteClock "0:00:44"]
[BlackClock "0:00:47"]

1. e4 e5 2. Nf3 d6 3. d4 Bg4 4. dxe5 Nd7 5. exd6 Bxd6 6. Nc3 Ngf6 7. Be2 Qe7 8. h3 Bh5 9. Bg5 O-O-O 10. Nh4 Bg6 11. Nxg6 hxg6 12. Bd3 Qe5 13. f4 Qa5 14. Qf3 Bb4 15. O-O Rde8 16. e5 Nh7 17. Bh4 g5 18. Bg3 gxf4 19. Bxf4 Nxe5 20. Bxe5 Qxe5 21. Qxf7 Ng5 22. Qf5+ Qxf5 23. Bxf5+ Kb8 24. Nd5 Bc5+ 25. Kh1 Rhf8 26. h4 c6 27. Nc3 Nf7 28. Bg6 Nh6 29. Bxe8 Rxe8 30. Rae1 Rd8 31. Ne4 Bb6 32. Re2 a5 33. g3 g6 34. Kg2 Nf5 35. Rfe1 Nd4 36. Rd2 Re8 37. c3 Nf5 38. Rde2 Rf8 39. Ng5 Nh6 40. Re8+ Rxe8 41. Rxe8+ Kc7 42. Re6 Ng4 43. Rxg6 Ne3+ 44. Kf3 Nd1 45. h5 Nxb2 46. h6 Nc4 47. Nf7 Kd7 48. h7 Ke7 49. h8=Q Kxf7 50. Qh7+ Kf8 51. Rg8# 1-0


[Site "https://www.chess.com"]

[Event "Titled Tuesday Blitz December 20 Early 2022"]
[White "Beca, Rodrigo Martins"]
[Black "Hasangatin_Ramil"]
[WhiteFideId "1954490"]
[WhiteElo "2976"]
[BlackElo "2705"]
[Result "1-0"]
[Round "08"]
[TimeControl "180+2"]
[Date "2022.12.20"]
[WhiteClock "0:00:06"]
[BlackClock "0:00:01"]

1. e4 d5 2. exd5 Qxd5 3. Nc3 Qd6 4. d4 Nf6 5. Nf3 c6 6. g3 Bg4 7. Bg2 e6 8. h3 Bxf3 9. Bxf3 Be7 10. O-O O-O 11. Ne2 Qc7 12. c3 Nbd7 13. Bg2 Bd6 14. Qc2 Rad8 15. Be3 Rfe8 16. Rad1 h6 17. a4 e5 18. Rfe1 exd4 19. Nxd4 Nb6 20. Nf5 Bf8 21. Bd4 Nbd5 22. c4 Nb4 23. Qc3 Rxe1+ 24. Rxe1 Ne8 25. c5 Qd7 26. g4 Nd5 27. Bxd5 Qxd5 28. Re5 Qd7 29. Re4 g6 30. Ng3 Nc7 31. Be5 Nd5 32. Qc2 Re8 33. Bd4 Bg7 34. Bxg7 Kxg7 35. b4 Re6 36. Qb2+ Kg8 37. Rd4 Qe7 38. Kh2 Re1 39. Qd2 Qe5 40. Rd3 Kg7 41. Rf3 Qe6 42. b5 a6 43. bxa6 bxa6 44. Rb3 Re5 45. Qa2 Qf6 46. Qb2 Qf4 47. a5 Qf6 48. Rb6 Nxb6 49. axb6 Re8 50. Qc2 Rb8 51. Ne4 1-0


[Site "https://www.chess.com"]

[Event "Titled Tuesday Blitz December 20 Early 2022"]
[White "Begmuratov, Khumoyun"]
[Black "Prasad, M.V.S"]
[WhiteFideId "14210207"]
[BlackFideId "5018790"]
[WhiteElo "2387"]
[BlackElo "1945"]
[Result "1-0"]
[Round "08"]
[TimeControl "180+2"]
[Date "2022.12.20"]
[WhiteClock "0:02:10"]
[BlackClock "0:00:04"]

1. e4 e6 2. d4 c5 3. Nc3 cxd4 4. Qxd4 Nc6 5. Qd2 Nf6 6. g3 Bb4 7. Bg2 O-O 8. Nge2 d5 9. exd5 exd5 10. a3 Bxc3 11. bxc3 Ne5 12. O-O Re8 13. Nf4 Bg4 14. f3 Bf5 15. Qf2 g5 16. Nd3 Nxd3 17. cxd3 Bxd3 18. Rd1 Bc4 19. Bxg5 h6 20. Bh4 Qd6 21. Qd4 Be2 22. Bxf6 Bxd1 23. Qg4+ 1-0


[Site "https://www.chess.com"]

[Event "Titled Tuesday Blitz December 20 Early 2022"]
[White "Benamar, Benious"]
[Black "Battlecruiser_Operational"]
[WhiteFideId "45118841"]
[WhiteElo "1136"]
[BlackElo "2428"]
[Result "0-1"]
[Round "08"]
[TimeControl "180+2"]
[Date "2022.12.20"]
[WhiteClock "0:00:03"]
[BlackClock "0:00:04"]

1. d4 e6 2. Nf3 f5 3. Bf4 Nf6 4. e3 Be7 5. h3 b6 6. Be2 Bb7 7. O-O O-O 8. a4 a5 9. Nbd2 h6 10. Bh2 d6 11. c3 Kh8 12. Qb3 Qc8 13. Bc4 Bd5 14. Bxd5 Nxd5 15. Rfe1 Nd7 16. e4 fxe4 17. Rxe4 N7f6 18. Re2 Nh5 19. Rae1 Nhf4 20. Bxf4 Nxf4 21. Re3 Rf6 22. g3 Nd5 23. R3e2 Qd7 24. Qb5 c6 25. Qd3 Raf8 26. Nh4 Kg8 27. Qe4 Qe8 28. Qg4 h5 29. Qe4 Qf7 30. Rf1 g5 31. Ng2 Qg7 32. Qd3 Qf7 33. Qc4 Qg6 34. Qxc6 Qd3 35. Qc4 Qf5 36. Ne4 Qxh3 37. Nxf6+ Rxf6 38. Rfe1 Kf7 39. Qd3 Kg7 40. Rxe6 Rxe6 41. Rxe6 Qxe6 42. Qf1 g4 43. c4 Nf6 44. Nf4 Qe4 45. Qd1 Kh6 46. Qb3 Nh7 47. Qxb6 Ng5 48. c5 Nh3+ 49. Kh2 Qf3 50. Nxh3 gxh3 51. cxd6 Qg2# 0-1


[Site "https://www.chess.com"]

[Event "Titled Tuesday Blitz December 20 Early 2022"]
[White "Bensenousi, Isk"]
[Black "AsaHoffmann"]
[WhiteFideId "4206010"]
[WhiteElo "2041"]
[BlackElo "2376"]
[Result "0-1"]
[Round "08"]
[TimeControl "180+2"]
[Date "2022.12.20"]
[WhiteClock "0:00:02"]
[BlackClock "0:01:53"]

1. e4 d6 2. d4 Nf6 3. Bd3 e5 4. c3 Nc6 5. Ne2 Be7 6. O-O O-O 7. d5 Nb8 8. f4 exf4 9. Bxf4 Nfd7 10. Nd2 Bg5 11. Nf3 Bxf4 12. Nxf4 Qe7 13. Qe2 Ne5 14. Nxe5 Qxe5 15. Rae1 Nd7 16. Bc2 Qe7 17. Qh5 Ne5 18. Nd3 Bg4 19. Nxe5 Bxh5 20. Nc4 f6 21. Ne3 Bg6 22. Rf4 Rfe8 23. g3 b5 24. h4 a5 25. Kf2 b4 26. c4 a4 27. Bb1 Qe5 28. Re2 a3 29. b3 Qd4 30. g4 Bxe4 0-1


[Site "https://www.chess.com"]

[Event "Titled Tuesday Blitz December 20 Early 2022"]
[White "BetonCarlsen"]
[Black "emeli_chess"]
[WhiteElo "2216"]
[BlackElo "2405"]
[Result "1-0"]
[Round "08"]
[TimeControl "180+2"]
[Date "2022.12.20"]
[WhiteClock "0:00:56"]
[BlackClock "0:00:37"]

1. Nf3 f5 2. g3 Nf6 3. Bg2 g6 4. O-O Bg7 5. c4 O-O 6. d4 d6 7. Nc3 Qe8 8. b4 e5 9. Ba3 e4 10. Ne1 c6 11. b5 Qd8 12. Qb3 Qc7 13. bxc6 bxc6 14. Nc2 Be6 15. d5 Bf7 16. dxc6 Nxc6 17. Nb5 Qb6 18. Nxd6 Na5 19. Qa4 Rfd8 20. Rfd1 Be6 21. Rab1 Qc7 22. Nd4 Bd7 23. N4b5 a6 24. Nxc7 Bxa4 25. Rdc1 Ra7 26. Ne6 Rb8 27. Rxb8+ 1-0


[Site "https://www.chess.com"]

[Event "Titled Tuesday Blitz December 20 Early 2022"]
[White "BlueWizzard"]
[Black "Aygehovit1992"]
[WhiteElo "2862"]
[BlackElo "2682"]
[Result "1-0"]
[Round "08"]
[TimeControl "180+2"]
[Date "2022.12.20"]
[WhiteClock "0:00:15"]
[BlackClock "0:00:07"]

1. d4 Nf6 2. Nc3 d5 3. Bg5 Bf5 4. Nf3 e6 5. Nh4 Bg6 6. e3 c5 7. Bb5+ Nc6 8. Qd2 Rc8 9. a3 Qb6 10. Nxg6 hxg6 11. O-O a6 12. Bxc6+ Qxc6 13. Rad1 b5 14. Bxf6 gxf6 15. e4 b4 16. Ne2 dxe4 17. dxc5 Bxc5 18. axb4 Bb6 19. h3 f5 20. c4 O-O 21. c5 Bc7 22. Qc3 Rfd8 23. h4 e5 24. h5 gxh5 25. Qh3 Qg6 26. Ng3 f4 27. Nf5 Kh7 28. Ne7 Qg4 29. Nxc8 Rxd1 30. Qxg4 Rxf1+ 31. Kxf1 hxg4 32. c6 Kg6 33. Ne7+ Kg5 34. Nd5 Bd6 35. c7 Bxc7 36. Nxc7 Kf5 37. Nxa6 Ke6 38. b5 Kd7 39. Nc5+ 1-0


[Site "https://www.chess.com"]